 Dungeon Crawl Stone Soup version 0.27.1-2-g3b301248ec (webtiles) character file.

Game seed: 12392396369735099515

9 Descartes the Sneak (level 2, -5/14 HPs)
             Began as a Felid Delver on Oct 2, 2021.
             Slain by a gnoll (8 damage)
             ... on level 4 of the Dungeon.
             The game lasted 00:00:19 (44 turns).

Descartes the Sneak (Felid Delver)                    Turns: 44, Time: 00:00:20

Health: -5/14      AC:  1    Str:  8    XL:     2   Next: 6%
Magic:  3/3        EV: 17    Int: 11    God:
Gold:   28         SH:  0    Dex: 17    Spells: 1/1 levels left
                                        Lives:  0   Deaths: 0

rFire    . . .     SeeInvis +     - Unarmed
rCold    . . .     Faith    .   (shield unavailable)
rNeg     . . .     Spirit   .   (armour unavailable)
rPois    .         Reflect  .   (helmet unavailable)
rElec    .         Harm     .   (cloak unavailable)
rCorr    .         Rampage  .   (gloves unavailable)
Will     .....                  (boots unavailable)
Stlth    ++++......             (no amulet)
HPRegen  0.04/turn              (no ring)
MPRegen  0.08/turn              (no ring)

@: quick
A: very small, claws 1, fangs 3, see invisible, speed 1, shaggy fur 1, stealthy
paws, no weapons or thrown items, no armour, multi-lived
a: no special abilities


You were on level 4 of the Dungeon.
You visited 1 branch of the dungeon, and saw 2 of its levels.

You collected 28 gold pieces.

Inventory:

Wands
 e - a wand of digging (3)
Scrolls
 a - a scroll of fog
 b - a scroll of magic mapping
 c - a scroll of fear
Potions
 d - a potion of haste


   Skills:
 + Level 3.0 Fighting
 + Level 2.7 Dodging
 + Level 7.1 Stealth
 + Level 2.0 Unarmed Combat


You had one spell level left.
You didn't know any spells.
Your spell library was empty.

Dungeon Overview and Level Annotations

Branches:
Dungeon (5/15)
 Temple: D:4-7

Altars:
Qazlal


Innate Abilities, Weirdness & Mutations

You have sharp claws.
You have razor-sharp teeth.
You have supernaturally acute eyesight. (SInv)
You cover ground quickly. (Speed+)
You are covered in fur. (AC +1)
Your paws help you pounce on unaware monsters.
You are incapable of wielding weapons or throwing items.
You cannot wear armour.
You gain extra lives every three experience levels.


Message History

Found 19 gold pieces.
You now have 28 gold pieces (gained 17).
A hound comes into view.
Found a stone staircase leading up.
A howler monkey skeleton comes into view.
Found a cyan potion.
There is a stone staircase leading up here.
The howler monkey skeleton closely misses you.
You climb upwards.
Found a hunting sling.
There is a stone staircase leading down here.
The helpless gnoll fails to defend itself.
You mangle the gnoll!!
You kill the gnoll!
The gnoll shouts!
You hear a shout!
A gnoll comes into view. It is wielding a +0 spear.
Your Stealth skill increases to level 7!
You have reached level 2!
The gnoll misses you.
The gnoll hits you from afar with a +0 spear.
You scratch the gnoll.
The gnoll is lightly wounded.
The gnoll closely misses you.
You scratch the gnoll.
The gnoll is moderately wounded.
The gnoll barely misses you.
You scratch the gnoll but do no damage.
The gnoll is moderately wounded.
The gnoll hits you from afar with a +0 spear!
Ouch! That really hurt!
* * * LOW HITPOINT WARNING * * *
The gnoll completely misses you. The gnoll barely misses you.
You scratch the gnoll.
The gnoll is heavily wounded.
The gnoll closely misses you. The gnoll misses you.
The gnoll closely misses you.
Unknown command.
The gnoll hits you with a +0 whip!
Ouch! That really hurt!
You die...

####### #.....
#####....####
#.....g#....#
#gg..# #.#@##
#.###.#......#
#...gg#.######
#.....).#
#.###...# #
#..... ....###
#..## #..#


You could see 3 gnolls.

Vanquished Creatures
  A gnoll (D:4)
1 creature vanquished.

Notes
Turn   | Place    | Note
-------+----------+-------------------------------------------
     0 | D:5      | Descartes the Felid Delver began the quest for the Orb.
     0 | D:5      | Reached XP level 1. HP: 10/10 MP: 2/2
    10 | D:5      | Found a stormy altar of Qazlal.
    21 | D:5      | Noticed a hound
    32 | D:4      | Reached skill level 7 in Stealth
    32 | D:4      | Reached XP level 2. HP: 14/14 MP: 3/3
    44 | D:4      | Slain by a gnoll

Illustrated notes

Levels and vault maps discovered:
D:4:      lemuel_castle_with_subvaults [lemuel_castle_interior_carwin_3],
          layout_loops_ring, nemelex_dance_club_becter, uniq_pikel,
          uniq_sigmund, uniq_crazy_yiuf_cottage
D:5:      layout_gridville, mainiacjoe_overflow_small_starburst,
          nicolae_qazlal_eye_of_the_storm, gammafunk_temple_overflow_elements,
          gammafunk_ghost_arena

Skill      XL: |  1 |
---------------+----+-----
Stealth        | 7 |  7.1
Fighting       | |  3.0
Dodging        | |  2.7
Unarmed Combat | |  2.0

Action                   || total
-------------------------++-------
Melee: Unarmed           ||     5
 Stab: Sleeping          ||     1
Dodge: Dodged            ||     9
